 Dungeon Crawl Stone Soup version 0.24.0-13-gcf9b319 (webtiles) character file.

Game seed: 2669345824910216032, levelgen mode: deterministic

53 Fang the Skirmisher (level 3, 0/24 HPs)
             Began as a Gargoyle Fighter on Dec 16, 2019.
             Slain by an adder (3 damage)
             ... on level 2 of the Dungeon.
             The game lasted 00:01:08 (633 turns).

Fang the Skirmisher (Gargoyle Fighter)               Turns: 633, Time: 00:01:09

Health: 0/24       AC: 12    Str: 20    XL:     3   Next: 89%
Magic:  3/3        EV:  7    Int:  8    God:
Gold:   58         SH:  9    Dex:  9    Spells: 2/2 levels left

rFire    . . .     SeeInvis .   a - +0 war axe
rCold    . . .     Gourm    .   B - +0 shield
rNeg     + . .     Faith    .   b - +0 scale mail
rPois    ∞         Spirit   .   (no helmet)
rElec    +         Reflect  .   (no cloak)
rCorr    .         Harm     .   j - +1 pair of gloves
MR       .....                  (no boots)
Stlth    ..........             (no amulet)
HPRegen  0.08/turn              (no ring)
MPRegen  0.08/turn              (no ring)

@: no status effects
A: negative energy resistance 1, electricity resistance, unbreathing,
petrification resistance, rot immunity, AC +3
a: no special abilities


You were on level 2 of the Dungeon.
You were not hungry.

You visited 1 branch of the dungeon, and saw 2 of its levels.

You collected 58 gold pieces.

Inventory:

Hand Weapons
 a - a +0 war axe (weapon)
Armour
 b - a +0 scale mail (worn)
 j - a +1 pair of gloves (worn)
 B - a +0 shield (worn)
Scrolls
 e - 2 scrolls of noise {unknown}
 f - a scroll of teleportation {unknown}
 h - a scroll of magic mapping {unknown}
Potions
 d - a potion of might
 i - a potion of berserk rage {unknown}
Comestibles
 c - 3 rations
 g - 7 chunks of flesh


   Skills:
 + Level 3.8 Fighting
 + Level 2.4 Axes
 + Level 3.8 Armour
 + Level 3.8 Shields


You had 2 spell levels left.
You didn't know any spells.
Your spell library was empty.

Dungeon Overview and Level Annotations

Branches:
Dungeon (1/15)

Altars:
Fedhas


Innate Abilities, Weirdness & Mutations

You are resistant to torment.
Your stone body is resilient. (AC +3)
You are immune to poison.
You resist negative energy. (rN+)
You are resistant to electric shocks. (rElec)
You can survive without breathing.
You are immune to petrification.
You are immune to rotting.


Message History

The kobold corpse isn't edible.
You start resting.
An adder comes into view.
An adder is nearby!
You are too injured to fight recklessly!
The adder hisses angrily.
You block the adder's attack.
You closely miss the adder. You block the adder's attack.
The adder bites you but does no damage.
You closely miss the adder. The adder barely misses you. The adder bites you.
* * * LOW HITPOINT WARNING * * *
You closely miss the adder. The adder bites you but does no damage.
You block the adder's attack.
You closely miss the adder. The adder bites you but does no damage.
You block the adder's attack.
You closely miss the adder. You block the adder's attack. The adder bites you.
* * * LOW HITPOINT WARNING * * *
You barely miss the adder. You block the adder's attack. x2
You miss the adder. The adder barely misses you. The adder bites you.
You die...

#. ### ##.# ..
..+ ...#
#.##+##.. ##...#
##........#
.....
........##.##..#
#......# #.÷..#
......###.÷..#
#...S@.####
######..######
#......## #..
#.####.# #.#
#.#....### #.#
#.#.##...# #.#
##.#.#....###†#
#......_......#
#.
#.###....#.#.##


You could see an adder.

Vanquished Creatures
  2 adders (D:2)
  An ooze (D:2)
  A worm (D:2)
  3 leopard geckos
  5 bats (D:1)
  2 hobgoblins (D:1)
  3 kobolds
  2 frilled lizards (D:1)
  3 goblins (D:1)
  A jackal skeleton (D:2)
  6 rats
29 creatures vanquished.

Notes
Turn   | Place    | Note
-------+----------+-------------------------------------------
     0 | D:1      | Fang the Gargoyle Fighter began the quest for the Orb.
     0 | D:1      | Reached XP level 1. HP: 14/14 MP: 1/1
   155 | D:1      | Reached XP level 2. HP: 18/19 MP: 2/2
   521 | D:1      | You fall into a shaft and drop 1 floor!
   521 | D:2      | Found a blossoming altar of Fedhas.
   566 | D:2      | Reached XP level 3. HP: 23/23 MP: 3/3
   633 | D:2      | Slain by an adder

Levels and vault maps discovered:
D:1:      giann_horns, layout_loops_ring
D:2:      minmay_thinvault, layout_basic, marbit_many_paths,
          evilmike_ruin_ashenzari, elyvilon_altar_4,
          nicolae_overflow_crystal_walls, minmay_vboxes

Skill      XL: |  1 |
---------------+----+-----
Axes           | 2 |  2.4
Fighting       | |  3.8
Armour         | |  3.8
Shields        | |  3.8

Action                   || total
-------------------------++-------
Melee: War axe           ||   106
Armor: Scale mail        ||    96
Dodge: Dodged            ||    55
Block: Shield            ||    67
